 Dungeon Crawl Stone Soup version bcrawl-1.37.2 (webtiles) character file.

Game seed: 12952440427373273739

134417 Leeroy the Slasher (level 4, -9/33 HPs)
             Began as a Vampire Skald on Jan 31, 2023.
             Was an Initiate of Makhleb.
             Mangled by an ogre
             ... wielding a +0 giant spiked club
              (27 damage)
             ... on level 2 of the Dungeon.
             The game lasted 00:05:45 (1630 turns).

Leeroy the Slasher (Vampire Skald)                  Turns: 1630, Time: 00:05:45

Health: -9/33      AC:  3    Str: 14    XL:     4   Next: 14%
Magic:  1/7        EV: 12    Int: 13    God:    Makhleb [......]
Gold:   114        SH:  1    Dex: 13    Spells: 0/7 levels left

rFire    . . .     GDR:     26% a - +0 long sword
rCold    . . .     SeeInvis +   (no shield)
rNeg     . . .     Gourm    .   b - +0 leather armour
rPois    .         Faith    .   (no helmet)
rElec    .         Spirit   .   (no cloak)
rCorr    .         Reflect  .   (no gloves)
MR       .....                  (no boots)
Stlth    +.........             d - amulet of magic regeneration
HPRegen  0.40/turn              c - ring of wizardry
MPRegen  0.20/turn              (no ring)

@: regenerating quickly
A: claws 1, fangs 3, see invisible, unbreathing
a: Bat Form, Renounce Religion


You were on level 2 of the Dungeon.
You worshipped Makhleb.
Makhleb was noncommittal.
You were full.

You visited 1 branch of the dungeon, and saw 3 of its levels.

You collected 114 gold pieces.

Inventory:

Hand Weapons
 a - a +0 long sword (weapon)
 m - a +0 quarterstaff of protection
Missiles
 k - 51 poisoned needles
Armour
 b - a +0 leather armour (worn)
Jewellery
 c - a ring of wizardry (left claw)
 d - an amulet of magic regeneration (around neck)
Scrolls
 e - a scroll of fear
 f - a scroll of fog {unknown}
 g - a scroll of enchant weapon {unknown}
 l - a scroll of teleportation {unknown}
Potions
 h - 3 potions of flight {unknown}
 j - a potion of agility {unknown}
 q - 7 potions of blood


   Skills:
 - Level 1.7 Fighting
 + Level 5.4 Long Blades
 - Level 0.8 Armour
 - Level 2.1 Dodging
 - Level 2.0 Spellcasting
 * Level 0.2 Hexes
 - Level 3.2 Charms


You couldn't memorise any spells.
You knew the following spells:

 Your Spells              Type           Power        Failure   Level  Hunger
a - Infusion              Chrm           #.......     3%          1    None
b - Spectral Weapon       Hex/Chrm       #.......     19%         3    ####...
c - Ozocubu's Armour      Chrm/Ice       #.......     19%         3    ####...

Your spell library contained the following spells:

 Spells                   Type           Power        Failure   Level  Hunger
 Song of Slaying          Chrm           #.......     4%          2    ##.....
 Swiftness                Chrm/Air       #.......     10%         2    ##.....
 Regeneration             Chrm/Necr      #.........   19%         3    ####...


Dungeon Overview and Level Annotations

Branches:
Dungeon (3/12)

Altars:
Kikubaaqudgha
Makhleb
Yredelemnul


Innate Abilities, Weirdness & Mutations

Your natural rate of healing is unusually fast.
You have sharp fingernails.
You have razor-sharp teeth.
You have supernaturally acute eyesight. (SInv)
You can survive without breathing.


Message History

The rat bites you.
Put on which piece of jewellery? (? for menu, Esc to quit)
c - a ring of wizardry (left claw) Cast which spell? (? or * to list)
A cloud of ice covers your body! The rat bites you but does no damage.
The rat is frozen.
You kill the rat!
Makhleb accepts your kill.
Casting: Ozocubu's Armour (safe; 19% risk of failure)
Confirm with . or Enter, or press ? or * to list all spells.
Okay, then.
Your icy armour evaporates.
Casting: Ozocubu's Armour (safe; 19% risk of failure)
Confirm with . or Enter, or press ? or * to list all spells.
You draw out your weapon's spirit!
You slash the ogre!
The ogre is moderately wounded.
The ogre hits you with a +0 giant spiked club!!
Ouch! That really hurt!
You die...

#...#
#.......>....####.
#####
#.#######..#..###.
#.# #.###..... #.#
#.###..#.. #.#
#......#.# #.#
##..###.#.#
######†# #...#
#.#.# #....#O###
#...# #....
#.....@).# #...#
###.. #.....(..#
#<..###....
#........#
#...#.....>
#........#
#...####.##
#........#
#####......
#####....# #......
#....# #......
#....# #......
#....# #......


You could see an ogre and a friendly spectral +0 long sword.

Vanquished Creatures
  An adder (D:2)
  An ooze (D:3)
  3 dart slugs
  A worm (D:2)
  2 leopard geckos
  An orc (D:2)
  A ball python (D:1)
  2 giant cockroaches (D:2)
  2 goblins
  10 hobgoblins
  7 bats
  3 frilled lizards
  8 kobolds
  11 rats
53 creatures vanquished.

Notes
Turn   | Place    | Note
-------+----------+-------------------------------------------
     0 | D:1      | Leeroy the Vampire Skald began the quest for the Orb.
     0 | D:1      | Reached XP level 1. HP: 16/16 MP: 3/3
    34 | D:1      | Reached skill level 3 in Long Blades
   117 | D:1      | Reached XP level 2. HP: 22/22 MP: 5/5
   254 | D:1      | Reached skill level 4 in Long Blades
   704 | D:2      | Reached XP level 3. HP: 26/27 MP: 6/6
   998 | D:2      | Reached skill level 5 in Long Blades
  1150 | D:2      | Found a basalt altar of Yredelemnul.
  1337 | D:2      | Found a burning altar of Makhleb.
  1345 | D:2      | Became a worshipper of Makhleb the Destroyer
  1361 | D:2      | Reached XP level 4. HP: 31/33 MP: 7/7
  1397 | D:3      | Found an ancient bone altar of Kikubaaqudgha.
  1464 | D:3      | Learned a level 3 spell: Spectral Weapon
  1468 | D:3      | Learned a level 3 spell: Ozocubu's Armour
  1579 | D:3      | Noticed an ogre
  1630 | D:2      | Mangled by an ogre

Skill      XL: |  1  2  3 |
---------------+----------+-----
Long Blades    | 3 4 5 |  5.4
Fighting       | |  1.7
Armour         | |  0.8
Dodging        | |  2.1
Spellcasting   | |  2.0
Hexes          | |  0.2
Charms         | |  3.2

Action                   |  1- 3 |  4- 6 || total
-------------------------+-------+-------++-------
Melee: Long sword        |   109 |    19 ||   128
       Bite              |     7 |     1 ||     8
 Cast: Ozocubu's Armour  |       |     1 ||     1
       Spectral Weapon   |       |     1 ||     1
  Use: Potion            |       |     7 ||     7
       Scroll            |       |     1 ||     1
 Stab: Sleeping          |     4 |     3 ||     7
  Eat: Corpse            |     4 |       ||     4
Armor: Leather armour    |    37 |     7 ||    44
Dodge: Dodged            |    65 |    14 ||    79
Block: Other             |     3 |     1 ||     4
